 Dungeon Crawl Stone Soup version 0.27.1-34-g3ba077fa99 (webtiles) character file.

Game seed: 13081939365795275070

3 growler the Gusty (level 1, -2/10 HPs)
             Began as a Tengu Air Elementalist on Jan 14, 2022.
             Slain by a jackal (3 damage)
             ... on level 1 of the Dungeon.
             The game lasted 00:00:42 (40 turns).

growler the Gusty (Tengu Air Elementalist)            Turns: 40, Time: 00:00:42

Health: -2/10      AC:  2    Str:  8    XL:     1   Next: 50%
Magic:  0/4        EV: 12    Int: 15    God:
Gold:   0          SH:  0    Dex: 14    Spells: 3/4 levels left

rFire    . . .     SeeInvis .   (no weapon)
rCold    . . .     Faith    .   (no shield)
rNeg     . . .     Spirit   .   a - +0 robe
rPois    .         Reflect  .   (helmet restricted)
rElec    .         Harm     .   (no cloak)
rCorr    .         Rampage  .   (no gloves)
Will     .....                  (boots unavailable)
Stlth    ++........             (no amulet)
HPRegen  0.03/turn              (no ring)
MPRegen  0.09/turn              (no ring)

@: no status effects
A: beak, talons 3
a: no special abilities


You were on level 1 of the Dungeon.
You visited 1 branch of the dungeon, and saw 1 of its levels.

Inventory:

Armour
 a - a +0 robe (worn)


   Skills:
 - Level 2.1 Dodging
 - Level 2.0 Stealth
 + Level 2.0 Spellcasting
 + Level 1.6 Conjurations
 + Level 4.1 Air Magic


You had 3 spell levels left.
You knew the following spells:

 Your Spells              Type           Power      Damage    Failure   Level
a - Shock                 Conj/Air       40%        1d5       7%          1

Your spell library contained the following spells:

 Spells                   Type           Power      Damage    Failure   Level
 Static Discharge         Conj/Air       10%        N/A       11%         2
 Swiftness                Air            14%        N/A       12%         3
 Airstrike                Air            7%         N/A       36%         4


Dungeon Overview and Level Annotations

Branches:
Dungeon (1/15)

Altars:


Innate Abilities, Weirdness & Mutations

You have a beak for a mouth.
You have claws for feet.


Message History

You add the spells Shock, Static Discharge, Swiftness and Airstrike to your library.
Options error: Bad channel -- pray (~/.crawlrc:4441) Options error: Bad channel -- food (~/.crawlrc:4444) Options error: Bad channel -- rotten_meat (~/.crawlrc:4461) Welcome, growler the Tengu Air Elementalist.
It is said that the Orb of Zot exists deep within this dungeon.
Found an escape hatch in the floor.
Found a staircase leading out of the dungeon.
A kobold comes into view. It is wielding a +0 dagger.
Aim: a kobold, wielding a +0 dagger and quivering stones (asleep, 100% to hit)
The zap hits the kobold.
You kill the kobold!
Found 7 gold pieces. 4 jackals come into view.
What are your orders? t - Shout!
Orders for allies: a - Attack new target. r - Retreat! s - Stop attacking. g - Guard the area. f - Follow me.
Anything else - Cancel.
You shout for attention!
You hear a bark! x3; You hear a shout!
The jackal barks!
You hear a bark!
The zap hits the jackal. x2
The zap hits the jackal.
The zap misses the jackal.
The jackal bites you.
The zap hits the jackal.
The zap misses the jackal.
The jackal barks!
The jackal bites you. The jackal barely misses you.
The zap hits the jackal.
You kill the jackal!
The jackal bites you. The jackal misses you.
Found a whip.
The jackal misses you.
A goblin comes into view. It is wielding a +0 club.
The goblin shouts!
Found 18 gold pieces.
The jackal bites you. x2
* * * LOW HITPOINT WARNING * * *
The jackal bites you.
* * * LOW HITPOINT WARNING * * *
The jackal closely misses you.
You hit the jackal. You peck the jackal.
You kill the jackal!
The jackal closely misses you. The jackal misses you.
The jackal barely misses you. The jackal closely misses you.
The zap misses the jackal.
The zap hits the jackal.
You kill the jackal!
The jackal bites you.
You die...

#.#.....#.#
#.#.....#.##
#.#.....#..# #
#.#.....#..#.#
#.#..<..#....#
#.#.....#.#...
####.#.....#...##
.....#.....#...#
###.#.@...#...#
#....hg.....#
#..>....##..#
......#.#..#....
#.#..##....#.####
##.#) .......#
#.# #....### #
##.#$#


You could see a jackal and a goblin.

Vanquished Creatures
  3 jackals (D:1)
  A kobold (D:1)
4 creatures vanquished.

Notes
Turn   | Place    | Note
-------+----------+-------------------------------------------
     0 | D:1      | growler the Tengu Air Elementalist began the quest for the
                  | Orb.
     0 | D:1      | Reached XP level 1. HP: 10/10 MP: 4/4
    40 | D:1      | Slain by a jackal

Illustrated notes

Levels and vault maps discovered:
D:1:      minmay_arrival_semitransparent, layout_loops_ring,
          hellmonk_ecumenical_altar_watching_god, minmay_split_cup_small

Action                   || total
-------------------------++-------
Melee: Unarmed           ||     1
       Peck              ||     1
 Cast: Shock             ||     6
Dodge: Dodged            ||     8
